AoeStats
← MattAtArms

Arabian Desert

510067273Analyzed
1v1 RM · 3d ago on Sep 29, 2026· 21m 4s· 2 players
Game mode
Random Map
Map size
Tiny (2 player)
Population
200
Speed
Normal
Resources
Standard
Victory
Conquest
Starting age
Dark Age
Ending age
Imperial Age
RankedLock teamsTeams togetherTeam positionsShared explorationLock speedFull tech treeHidden civsTurbo modeCheats
Victory
Defeat
🇷🇴 Maya · Romania
2382
+4
🇬🇧 Mongols · United Kingdom
2031
-4
MattAtArms
7:57 Feudal Age
6:30 Loom
8:33 Double-Bit Axe
11:34 Horse Collar
15:27 Fletching
OS+ | R4v3N_
0:25 Loom
8:44 Feudal Age
9:44 Double-Bit Axe
13:54 Fletching
20:56 Castle Age
19:13 Horse Collar
19:23 Gold Mining
20:59 Crossbowman
21:35 Bodkin Arrow
21:51 Bow Saw
Connection lost

Rejoining the realm…

Still unreachable

The connection could not be restored.

Session expired

The server has moved on; the page needs a fresh start.